 Dungeon Crawl Stone Soup version 0.18-a0-1773-gec4f98e (webtiles) character file.

1525 epen the Slasher (level 8, 0/67 HPs)
             Began as a Naga Gladiator on Apr 14, 2016.
             Was a Follower of Trog.
             Slain by Menkaure (16 damage)
             ... on level 5 of the Dungeon.
             The game lasted 00:20:32 (6283 turns).

epen the Slasher (Naga Gladiator)                   Turns: 6283, Time: 00:20:32

Health: 0/67       AC: 12    Str: 20    XL:     8   Next: 84%
Magic:  8/8        EV: 11    Int:  9    God:    Trog [*.....]
Gold:   250        SH:  0    Dex: 11    Spells: 0 memorised, 7 levels left

rFire  . . .     SeeInvis +     F - +2 dagger (drain)
rCold  . . .     Gourm    .     A - +4 ring mail of the Fiend {+Blink rC- Regen+}
rNeg   . . .     Faith    .     (no shield)
rPois  +         Spirit   .     c - +0 helmet
rElec  .         Dismiss  .     G - +0 cloak
rCorr  .         Reflect  .     y - +0 pair of gloves
SustAt .         Harm     .     (no barding)
MR     +....     Rnd*Tele +     o - amulet of magic regeneration
Stlth  +++.......               e - ring of protection from cold
                                x - ring of teleportation (curse)

@: short of breath, very slow, somewhat resistant to hostile enchantments,
fairly stealthy
A: see invisible, deformed body, poison resistance, slowness 2, slow metabolism
1, spit poison 2, AC +2
a: Spit Poison, Berserk, Burn Spellbooks, Renounce Religion, Evoke Blink


You were on level 5 of the Dungeon.
You worshipped Trog.
Trog was aware of your devotion.
You were not hungry.

You visited 1 branch of the dungeon, and saw 5 of its levels.

You collected 250 gold pieces.

Inventory:

Hand Weapons
 a - a +0 long sword
 F - a +2 dagger of draining (weapon)
Missiles
 d - 3 throwing nets (quivered)
Armour
 b - a +0 leather armour
 c - a +0 helmet (worn)
 y - a +0 pair of gloves (worn)
 A - the +4 ring mail of the Fiend (worn) {+Blink rC- Regen+}
   (You found it on level 4 of the Dungeon)

   It makes you vulnerable to cold.
   It lets you blink.
   It increases your rate of regeneration.
 G - a +0 cloak (worn)
Jewellery
 e - a ring of protection from cold (right hand)
 m - an uncursed ring of see invisible
 o - an amulet of magic regeneration (around neck)
 x - a cursed ring of teleportation (left hand)
 C - an uncursed ring of stealth {unknown}
Wands
 v - a wand of digging (7/24)
 D - a wand of paralysis (5/24)
Scrolls
 g - 3 scrolls of random uselessness {unknown}
 i - 2 scrolls of remove curse {unknown}
 k - a scroll of enchant weapon {unknown}
 l - a scroll of fear {unknown}
 n - 3 scrolls of identify {unknown}
 p - a scroll of noise {unknown}
 q - 2 scrolls of enchant armour {unknown}
 t - 2 scrolls of immolation {unknown}
 u - a scroll of teleportation {unknown}
 H - a scroll of fog {unknown}
Potions
 h - 4 potions of curing
 j - 2 potions of degeneration {unknown}
 r - 2 potions of might {unknown}
 B - a potion of haste {unknown}
 I - a potion of mutation {unknown}
Comestibles
 f - 3 bread rations
 s - a beef jerky
 w - a slice of pizza
 z - 4 fruits
 E - 4 meat rations


   Skills:
 + Level 2.2 Fighting
 * Level 7.5 Long Blades
 - Level 1.7 Throwing
 + Level 0.5 Armour
 * Level 6.1 Dodging
 - Level 7.0 Stealth


You had 7 spell levels left.
You didn't know any spells.

Dungeon Overview and Level Annotations

Branches:
Dungeon (5/15)
 Temple: D:4-7

Altars:
Makhleb
Trog
The Shining One

Annotations:
D:5 Menkaure


Innate Abilities, Weirdness & Mutations

You cannot wear boots.
Your serpentine skin is tough (AC +2).
You have supernaturally acute eyesight.
Armour fits poorly on your strangely shaped body.
Your system is resistant to poisons.
You cover ground very slowly.
You have a slow metabolism.
You can spit poison.


Message History

Menkaure calls on the powers of darkness!
Your body is wracked with pain!
Press: ? - help, Shift-Dir - straight line, f/p - Menkaure
Aim: Menkaure (almost destroyed, fast)
The splash of poison hits Menkaure.
Menkaure completely resists.
Menkaure is almost destroyed.
You feel slightly more hungry. The adder skeleton closely misses you.
Menkaure calls on the powers of darkness!
Your body is wracked with pain!
* * * LOW HITPOINT WARNING * * *
The adder skeleton completely misses you.
You barely miss Menkaure.
Menkaure is almost destroyed.
The adder skeleton closely misses you. Menkaure hits you but does no damage.
The adder skeleton closely misses you.
You hit Menkaure.
Menkaure is almost destroyed.
The adder skeleton bites you but does no damage.
Menkaure hits you!
You die...

#..##.#######......#
##.##.# ####+##
#..#.##########...
##.#.#............
#.#.#............
#...#......).....
##..#............
#.>').....$.....
####...@........
#..ZMZ.......
#......##.##.
######.# .. ... ..
.#.. .#%. .. ..


You could see Menkaure and 2 adder skeletons.

Vanquished Creatures
  Sigmund (D:4)
  Duvessa (D:4)
  An ice beast (D:5)
  3 ogres
  A giant frog (D:3)
  Dowan (D:4)
  3 scorpions
  A howler monkey (D:3)
  A crimson imp (D:3)
  A hound (D:2)
  A giant frog zombie (D:5)
  An orc priest (D:4)
  An iguana (D:4)
  Ijyb (D:3)
  5 orc wizards
  2 worker ants
  9 adders
  A shadow imp (D:5)
  An ooze (D:3)
  5 worms
  4 dart slugs
  2 giant geckos (D:2)
  31 orcs
  2 ball pythons (D:1)
  11 bats
  6 giant cockroaches
  9 goblins
  8 hobgoblins
  8 kobolds
  A quokka (D:3)
  4 giant newts
  10 rats
137 creatures vanquished.

Vanquished Creatures (others)
  A plant (D:4)
1 creature vanquished.

Grand Total: 138 creatures vanquished

Notes
Turn   | Place    | Note
--------------------------------------------------------------
     0 | D:1      | epen the Naga Gladiator began the quest for the Orb.
     0 | D:1      | Reached XP level 1. HP: 19/19 MP: 1/1
   240 | D:1      | Reached XP level 2. HP: 5/26 MP: 2/2
  1005 | D:1      | Reached XP level 3. HP: 30/32 MP: 3/3
  1079 | D:1      | Reached skill level 1 in Stealth
  1863 | D:2      | Reached XP level 4. HP: 26/39 MP: 4/4
  2176 | D:3      | Noticed Ijyb
  2187 | D:3      | Killed Ijyb
  2681 | D:3      | Reached XP level 5. HP: 41/45 MP: 5/5
  3480 | D:3      | Found a glowing golden altar of the Shining One.
  3769 | D:3      | Reached XP level 6. HP: 15/52 MP: 6/6
  4111 | D:4      | Got a crude ring mail
  4125 | D:4      | Identified the +4 ring mail of the Fiend {+Blink rC- Regen+} (You found it on level 4 of the Dungeon)
  4155 | D:4      | Reached skill level 5 in Long Blades
  4195 | D:4      | Noticed Duvessa
  4524 | D:3      | Reached XP level 7. HP: 28/60 MP: 7/7
  4796 | D:4      | Reached skill level 5 in Stealth
  4883 | D:4      | Found a bloodstained altar of Trog.
  5012 | D:4      | Noticed Sigmund
  5021 | D:4      | Noticed Dowan
  5026 | D:4      | Killed Duvessa
  5026 | D:4      | Reached skill level 5 in Dodging
  5187 | D:4      | Killed Sigmund
  5187 | D:4      | Reached XP level 8. HP: 50/67 MP: 8/8
  5218 | D:4      | Killed Dowan
  5313 | D:4      | Became a worshipper of Trog the Wrathful
  5315 | D:4      | Found a burning altar of Makhleb.
  5791 | D:5      | Entered Level 5 of the Dungeon
  6051 | D:5      | Reached * piety under Trog
  6267 | D:5      | Noticed Menkaure
  6283 | D:5      | Slain by Menkaure

Vault maps used:
D:1:      evilmike_arrival_rings
D:3:      tso_metal_star, minmay_misc_feat_cross, uniq_iyjb
D:4:      bloody_trog, makhleb_grotto_becter, first_bread, serial_bayou,
          serial_bayou_pond_c, serial_bayou_lake_a, serial_bayou_crossing,
          serial_bayou_ford_a, uniq_duvessa, uniq_sigmund
D:5:      minmay_temple_entry_large_hall, uniq_menkaure, uniq_prince_ribbit1

Skill      XL: |  1  2  3  4  5  6  7  8 |
---------------+-------------------------+-----
Stealth        | 1 2 3 4 6 7 |  7.0
Dodging        | 3 4 5 6 |  6.1
Long Blades    | 4 5 6 7 |  7.5
Fighting       | |  2.2
Throwing       | |  1.7
Armour         | |  0.5

Action                   |  1- 3 |  4- 6 |  7- 9 || total
-------------------------+-------+-------+-------++-------
Melee: Long sword        |   112 |    43 |       ||   155
       Dagger            |       |   164 |   450 ||   614
 Abil: Spit Poison       |     6 |    13 |    24 ||    43
       Evoke Blink       |       |    12 |       ||    12
  Use: Potion            |       |     2 |       ||     2
 Stab: Sleeping          |     2 |     4 |       ||     6
  Eat: Chunk             |     2 |     9 |     7 ||    18
Armor: Leather armour    |    51 |    77 |       ||   128
       Ring mail         |       |    60 |   168 ||   228
Dodge: Dodged            |    68 |   142 |   190 ||   400
